 Dungeon Crawl Stone Soup version 0.23.2-33-g5129a83184 (webtiles) character file.

Game seed: 5927920999159322999

1331 Joat the Chucker (level 8, 0/78 HPs)
             Began as a Troll Hunter on July 6, 2019.
             Was a Follower of Okawaru.
             Killed from afar by an orc wizard (10 damage)
             ... with a magic dart
             ... on level 6 of the Dungeon.
             The game lasted 00:13:29 (3600 turns).

Joat the Chucker (Troll Hunter)                     Turns: 3600, Time: 00:13:29

Health: 0/78       AC:  6    Str: 26    XL:     8   Next: 34%
Magic:  7/7        EV:  6    Int:  9    God:    Okawaru [*.....]
Gold:   334        SH: 15    Dex: 10    Spells: 7/7 levels left

rFire    . . .     SeeInvis .     - Unarmed
rCold    . . .     Gourm    +   h - +0 large shield
rNeg     . . .     Faith    .   n - +0 robe
rPois    +         Spirit   .   (helmet restricted)
rElec    .         Reflect  .   (no cloak)
rCorr    .         Harm     .   (gloves unavailable)
MR       .....                  (boots unavailable)
Stlth    +.........             (no amulet)
HPRegen  0.63/turn              v - ring of poison resistance
MPRegen  0.10/turn              (no ring)

@: mighty
A: large, unfitting armour, claws 3, fast metabolism 3, gourmand, regeneration
1, shaggy fur 1, tough skin 3
a: Heroism, Renounce Religion


You were on level 6 of the Dungeon.
You worshipped Okawaru.
Okawaru was aware of your devotion.
You were very full.

You visited 1 branch of the dungeon, and saw 6 of its levels.

You collected 334 gold pieces.

Inventory:

Hand Weapons
 b - a +0 blowgun
Missiles
 a - 5 large rocks (quivered)
 d - 2 throwing nets
 m - 13 poisoned needles
Armour
 h - a +0 large shield (worn)
 n - a +0 robe (worn)
Jewellery
 v - a ring of poison resistance (left claw)
Wands
 e - a wand of polymorph (8)
 o - a wand of flame (33)
 u - a wand of iceblast (9)
 w - a wand of acid (12)
Scrolls
 g - 2 scrolls of remove curse {unknown}
 i - 2 scrolls of identify
 l - a scroll of amnesia
 p - 4 scrolls of teleportation {unknown}
 q - a scroll of magic mapping {unknown}
 r - 2 scrolls of fog {unknown}
 x - a scroll of blinking {unknown}
Potions
 c - a potion of degeneration
 j - a potion of lignification
 k - 3 potions of curing
 s - a potion of magic
Comestibles
 f - 7 rations


   Skills:
 + Level 3.9 Fighting
 + Level 5.3 Throwing
 - Level 1.5 Dodging
 - Level 0.3 Stealth
 * Level 5.0 Shields
 + Level 4.8 Unarmed Combat
 - Level 1.0 Invocations


You had 7 spell levels left.
You didn't know any spells.
Your spell library contained the following spells:

 Spells                   Type           Power        Failure   Level  Hunger
 Freeze                   Ice            #...         98%         1    ##.....
 Throw Frost              Conj/Ice       #.....       99%         2    ###....
 Ozocubu's Armour         Chrm/Ice       #.......     100%        3    ####...
 Summon Ice Beast         Ice/Summ       #.......     100%        4    #####..
 Throw Icicle             Conj/Ice       #.......     100%        4    #####..


Dungeon Overview and Level Annotations

Branches:
Dungeon (6/15)             Temple (0/1) D:6

Altars:
Elyvilon
Kikubaaqudgha
Makhleb
Nemelex Xobeh
Okawaru
Qazlal
Uskayaw
Wu Jian
Zin
The Shining One


Innate Abilities, Weirdness & Mutations

You are too large for most types of armour.
You have claws for hands.
Your metabolism is lightning-fast.
You like to eat raw meat.
Your natural rate of healing is unusually fast.
You are covered in fur. (AC +1)
You have extremely tough skin. (AC +3)


Message History

* * * LOW HITPOINT WARNING * * *
You block the orc wizard's attack.
You feel very mighty all of a sudden.
You hear some strange, mumbled words.
Something tries to affect you, but you resist.
You block the orc wizard's attack.
The orc wizard hits you but does no damage.
You claw the orc wizard!
You kill the orc wizard!
Okawaru accepts your kill.
You hear some strange, mumbled words.
A puff of flame appears from out of thin air!
The puff of flame hits you.
* * * LOW HITPOINT WARNING * * *
You block the orc wizard's attack.
You barely miss something.
You hear some strange, mumbled words.
A magic dart appears from out of thin air!
The magic dart hits you!
You die...

... #.# ### ... #..
#.#.. ### ### #.#.#
#.### #.#
#...###.#.#
######.....#.#..
#....^.♣.♣...###
###.......>......#
#@o......♣.♣......
#{)..........###.#
#...####+###......
#...............##
#...)...........
..................
#..................
####..............
...........


You could see an orc wizard.

Vanquished Creatures
  Eustachio (D:4)
  3 ice beasts (D:5)
  Purgy (D:4)
  An ogre (D:6)
  A centaur (D:5)
  A crimson imp (D:6)
  A bullfrog zombie (D:5)
  5 orc priests
  2 orc wizards
  A hound (D:2)
  Ijyb (D:4)
  An iguana (D:4)
  2 worker ants
  A hound skeleton (D:4)
  15 adders
  An ooze (D:2)
  A worm (D:2)
  2 dart slugs (D:1)
  4 leopard geckos
  17 orcs
  2 ball pythons
  6 giant cockroaches
  8 goblins
  5 hobgoblins
  5 quokkas
  7 bats
  4 frilled lizards
  8 kobolds
  5 rats
112 creatures vanquished.

Notes
Turn   | Place    | Note
-------+----------+-------------------------------------------
     0 | D:1      | Joat the Troll Hunter began the quest for the Orb.
     0 | D:1      | Reached XP level 1. HP: 19/19 MP: 0/0
    94 | D:1      | Reached skill level 1 in Unarmed Combat
   184 | D:1      | Reached XP level 2. HP: 26/27 MP: 1/1
   630 | D:2      | Reached XP level 3. HP: 32/35 MP: 2/2
   653 | D:2      | Reached skill level 1 in Shields
   847 | D:2      | Reached XP level 4. HP: 42/42 MP: 3/3
   956 | D:2      | Found a burning altar of Makhleb.
   996 | D:2      | Reached XP level 5. HP: 48/49 MP: 4/4
  1179 | D:2      | Found a glowing silver altar of Zin.
  1453 | D:3      | Found a stormy altar of Qazlal.
  1494 | D:3      | Reached XP level 6. HP: 27/59 MP: 5/5
  1843 | D:3      | Found a sparkling altar of Nemelex Xobeh.
  2027 | D:4      | Found a hide-covered altar of Uskayaw.
  2030 | D:4      | Found an iron altar of Okawaru.
  2034 | D:4      | Became a worshipper of Warmaster Okawaru
  2040 | D:4      | Found a glowing golden altar of the Shining One.
  2043 | D:4      | Found a white marble altar of Elyvilon.
  2297 | D:4      | Noticed Eustachio
  2304 | D:4      | Noticed Purgy
  2362 | D:4      | Killed Eustachio
  2362 | D:4      | Reached XP level 7. HP: 51/67 MP: 6/6
  2365 | D:4      | Killed Purgy
  2413 | D:4      | Noticed Ijyb
  2419 | D:4      | Killed Ijyb
  2562 | D:4      | Found an ancient bone altar of Kikubaaqudgha.
  2684 | D:5      | Entered Level 5 of the Dungeon
  2761 | D:5      | Reached * piety under Okawaru
  2898 | D:5      | Reached skill level 5 in Throwing
  2898 | D:5      | Reached XP level 8. HP: 64/75 MP: 7/7
  2917 | D:5      | Reached skill level 1 in Invocations
  2986 | D:5      | Found an ornate altar of the Wu Jian Council.
  3542 | D:6      | Found a staircase to the Ecumenical Temple.
  3570 | D:6      | Reached skill level 5 in Shields
  3600 | D:6      | Killed from afar by an orc wizard

Skill      XL: |  1  2  3  4  5  6  7  8 |
---------------+-------------------------+-----
Unarmed Combat | 1 2 3 4 |  4.8
Shields        | 1 2 3 4 5 |  5.0
Fighting       | 2 3 |  3.9
Throwing       | 4 5 |  5.3
Invocations    | 1 |  1.0
Dodging        | |  1.5
Stealth        | |  0.3

Action                   |  1- 3 |  4- 6 |  7- 9 || total
-------------------------+-------+-------+-------++-------
Melee: Unarmed           |   115 |   253 |   118 ||   486
       Short sword       |     1 |       |       ||     1
Throw: Large rock        |       |       |     1 ||     1
  Use: Potion            |       |     3 |     2 ||     5
       Scroll            |       |       |     5 ||     5
 Stab: Sleeping          |     2 |     1 |     2 ||     5
       Invisible         |       |     5 |       ||     5
  Eat: Chunk             |    13 |    14 |    12 ||    39
Armor: Robe              |    40 |   102 |    46 ||   188
       Skin              |       |     8 |       ||     8
Dodge: Dodged            |    34 |   108 |    22 ||   164
Block: Large shield      |    46 |   217 |    86 ||   349
